 Dungeon Crawl Stone Soup version 0.24.0-13-gcf9b3192b9 (webtiles) character file.

Game seed: 2562362724851371408, levelgen mode: deterministic

24468 losten the Blocker (level 12, -5/92 HPs)
             Began as a Demonspawn Berserker on Nov 10, 2019.
             Was a High Priest of Trog.
             Slain by a two-headed ogre
             ... wielding a +0 giant club
             ... summoned by the player character
              (16 damage)
             ... on level 14 of the Dungeon.
             The game lasted 00:54:21 (13608 turns).

losten the Blocker (Demonspawn Berserker)          Turns: 13608, Time: 00:54:22

Health: -5/92      AC: 15    Str: 20 (21) XL:     12   Next: 80%
Magic:  0/12       EV:  6    Int: 12 (13) God:    Trog [*****.]
Gold:   82         SH: 27    Dex: 21      Spells: 11/11 levels left

rFire    . . .     SeeInvis .   g - +10 trident "Ipnai" {distort, rPois MR+}
rCold    . . .     Gourm    .   i - +3 large shield
rNeg     . . .     Faith    +   o - +0 plate armour
rPois    +         Spirit   +   t - +0 helmet
rElec    +         Reflect  .   q - scarf {Spirit}
rCorr    .         Harm     .   f - +0 pair of gloves
MR       +++..                  (boots unavailable)
Stlth    ..........             W - amulet "Ethaaless" {Faith MR++ Int+3}
HPRegen  0.25/turn              s - +5 ring of dexterity
MPRegen  0.13/turn              E - +3 ring of dexterity

@: no status effects
A: hooves 3, large bone plates 2, demonic guardian 2, deterioration 1,
electricity resistance
a: Berserk, Trog's Hand, Brothers in Arms, Renounce Religion


You were on level 14 of the Dungeon.
You worshipped Trog.
Trog was extremely pleased with you.
You were very hungry.

You visited 2 branches of the dungeon, and saw 15 of its levels.
You also visited: Sewer and Gauntlet.

You collected 887 gold pieces.
You spent 805 gold pieces at shops.

Inventory:

Hand Weapons
 g - the +10 trident "Ipnai" (weapon) {distort, rPois MR+}
   (You found it in a Gauntlet)

   It warps and distorts space around it.
   Unwielding it can cause banishment or high damage.
   It protects you from poison.
   It affects your resistance to hostile enchantments.
 n - a +3 antimagic double sword
 r - a +4 spear of venom
 z - a +0 shortbow
 F - a +6 morningstar of protection
 X - a +0 demon whip of draining
Missiles
 k - 2 curare-tipped darts
 l - 6 throwing nets
 w - 41 poisoned darts
 x - 7 javelins
 A - 153 arrows
 N - 4 silver javelins (quivered)
Armour
 f - a +0 pair of gloves (worn)
 i - a +3 large shield (worn)
 o - a +0 plate armour (worn)
 q - a scarf of spirit shield (worn)
 t - a +0 helmet (worn)
 I - a +0 cloak
 M - a +1 ring mail of cold resistance
 O - the +0 leather armour of the Equator {MR+ Regen+ SInv}
   (You found it on level 8 of the Dungeon)

   It affects your resistance to hostile enchantments.
   It lets you see invisible.
   It increases your rate of regeneration.
 T - a scarf of cloud immunity
Jewellery
 a - an uncursed ring of protection from cold
 d - a +3 amulet of reflection
 s - a +5 ring of dexterity (left hand)
 D - an uncursed ring of magical power
 E - a +3 ring of dexterity (right hand)
 J - the amulet "Socleoq" {Spirit Str+4}
   (You found it in a Gauntlet)

   [amulet of guardian spirit]

   It causes incoming damage to be split between your health and magic.
   It affects your strength (+4).
 V - a cursed ring of flight {unknown}
 W - the amulet "Ethaaless" (around neck) {Faith MR++ Int+3}
   (You found it on level 14 of the Dungeon)

   [amulet of faith]

   It allows you to gain divine favour quickly.
   It affects your intelligence (+3).
   It affects your resistance to hostile enchantments.
Wands
 G - a wand of acid (6)
 H - a wand of random effects (24)
 R - a wand of enslavement (11)
Scrolls
 e - 2 scrolls of teleportation
 u - a scroll of vulnerability {unknown}
 y - 2 scrolls of blinking
 B - 2 scrolls of fog
 P - 4 scrolls of remove curse
 Q - 4 scrolls of fear
 U - a scroll of magic mapping
Potions
 b - 2 potions of haste
 h - 2 potions of resistance
 j - 10 potions of curing
 m - 3 potions of brilliance {unknown}
 p - 5 potions of flight
 v - 2 potions of ambrosia
 C - 2 potions of might {unknown}
 K - a potion of invisibility {unknown}
 L - a potion of cancellation {unknown}
Comestibles
 c - 20 rations


   Skills:
 + Level 7.6 Fighting
 + Level 7.0 Long Blades
   Level 6.5(8.5) Axes
 + Level 5.6(7.1) Maces & Flails
 + Level 5.8(7.2) Polearms
 + Level 0.7 Throwing
 + Level 7.1 Armour
 + Level 5.3 Dodging
 + Level 4.2 Stealth
 + Level 10.8 Shields


You had 11 spell levels left.
You didn't know any spells.
Your spell library contained the following spells:

 Spells                   Type           Power        Failure   Level  Hunger
 Animate Skeleton         Necr           N/A          100%        1    ##.....
 Apportation              Tloc           #.....       100%        1    ##.....
 Confusing Touch          Hex            #.....       100%        1    ##.....
 Magic Dart               Conj           #...         100%        1    ##.....
 Summon Small Mammal      Summ           #...         100%        1    ##.....
 Blink                    Tloc           N/A          100%        2    ###....
 Call Imp                 Summ           #.......     100%        2    ###....
 Slow                     Hex            #.......     100%        2    ###....
 Sublimation of Blood     Necr           #.........   100%        2    ###....
 Call Canine Familiar     Summ           #.......     100%        3    ####...
 Conjure Flame            Conj/Fire      #.......     100%        3    ####...
 Ignite Poison            Fire/Tmut/Pois #.......     100%        3    ####...
 Mephitic Cloud           Conj/Pois/Air  #.......     100%        3    ####...
 Summon Guardian Golem    Hex/Summ       #.......     100%        3    ####...
 Leda's Liquefaction      Hex/Erth       #.........   100%        4    #####..
 Petrify                  Tmut/Erth      #.......     100%        4    #####..
 Summon Ice Beast         Ice/Summ       #.......     100%        4    #####..
 Summon Lightning Spire   Summ/Air       #.......     100%        4    #####..
 Alistair's Intoxication  Tmut/Pois      #.......     100%        5    ######.
 Bolt of Magma            Conj/Fire/Erth #.........   100%        5    ######.
 Irradiate                Conj/Tmut      #.........   100%        5    ######.
 Iron Shot                Conj/Erth      #.........   100%        6    #######
 Statue Form              Tmut/Erth      #........    100%        6    #######
 Shatter                  Erth           #.........   100%        9    #######


Dungeon Overview and Level Annotations

Branches:
Dungeon (14/15)            Temple (1/1) D:5            Lair (0/6) D:11
    Orc (0/2) D:12         Vaults (0/5) D:14          Sewer (visited)
Gauntlet (visited)

Altars:
Fedhas
Okawaru
Ru
Sif Muna
Xom
Yredelemnul
Zin

Shops:
D:7 [   D:12 ?


Innate Abilities, Weirdness & Mutations

You have hooves in place of feet.
You are mostly covered in large bone plates. (SH +6)
A demonic guardian rushes to your aid.
Your body sometimes deteriorates upon taking damage.
You are resistant to electric shocks. (rElec)


Message History

You start resting.
You block your two-headed ogre's attack. x2
You start resting.
Your two-headed ogre rages.
You feel the effects of Trog's Hand fading.
You block your two-headed ogre's attack. x2
You start resting.
You block your two-headed ogre's attack. x2
You start resting.
You block your two-headed ogre's attack. x2
You start resting.
Your skin stops crawling.
You feel less resistant to hostile enchantments.
You block your two-headed ogre's attack.
Your two-headed ogre hits you with a +0 giant club!
* * * LOW HITPOINT WARNING * * *
Your body deteriorates!
You feel weakened.
You swap places.
Your two-headed ogre hits you with a +0 giant club!
You die...

#.....(.#...%...#....
+.......'...∩...+....
#....)..#.......#....
#....()##.#...#.##...
#..)(.## #. ...# ##..
#....## ##+### ##.
#...)## ##...## ##.
####..####.....####..
#@[.##.......##...
##O................
#..######.##..####.
#............####..
#.........).####..#
#...........###..##
###..........<##..##
.................##
###...........####


You could see a friendly two-headed ogre (berserk).

Vanquished Creatures
  A death ooze (Gauntlet)
  A vault guard (D:14)
  2 unseen horrors
  Pikel (D:7)
  4 ugly things
  2 manticores
  A gargoyle (D:10)
  2 freezing wraiths (D:13)
  A troll (D:13)
  A hornet (D:11)
  2 slime creatures (D:14)
  3 hippogriffs
  2 shadows (Gauntlet)
  A wyvern (D:12)
  2 hogs (D:8)
  7 yaks
  3 hungry ghosts
  A human (D:8)
  A water moccasin (D:13)
  3 porcupines (D:11)
  An ice beast (D:7)
  2 orc warriors
  2 necrophages
  A sky beast (D:10)
  A slave (D:7)
  2 black bears
  4 ogres
  A phantom (D:4)
  An eye of draining (D:11)
  A tengu (shapeshifter) (D:13)
  3 crocodiles
  A big kobold (Sewer)
  A gnoll sergeant (D:11)
  7 bullfrogs
  2 wyvern skeletons
  2 scorpions
  3 killer bees (D:10)
  A howler monkey (D:6)
  10 wights
  3 crimson imps
  A centaur zombie (D:7)
  A bullfrog zombie (D:10)
  4 jellies
  3 quasits
  5 orc priests
  9 hounds
  A bullfrog skeleton (D:11)
  5 iguanas
  2 orc wizards (D:7)
  8 worker ants
  A hound zombie (D:8)
  2 worker ant zombies
  4 gnolls
  16 adders
  5 shadow imps
  An ooze (D:5)
  An adder zombie (D:6)
  3 adder skeletons
  3 worms
  2 dart slugs
  6 leopard geckos (D:8)
  34 orcs
  5 giant cockroaches
  5 goblins
  8 hobgoblins
  27 jackals
  11 quokkas
  4 ball pythons
  8 bats
  7 frilled lizards
  A jackal skeleton (D:4)
  9 kobolds
  A quokka skeleton (D:7)
  6 rats
299 creatures vanquished.

Vanquished Creatures (collateral kills)
  Harold (D:11)
  2 vault guards (D:14)
  4 two-headed ogres
  A death knight (D:13)
  Nergalle (D:11)
  A fire crab (Gauntlet)
  An unseen horror (shapeshifter) (D:14)
  A phantasmal warrior (D:13)
  5 ugly things
  The ghost of Caminho the Digger, a novice GnEE (D:7)
  2 cyclopes (D:14)
  A manticore (D:14)
  Joseph (D:7)
  A gargoyle (D:13)
  A troll (D:11)
  3 slime creatures
  A hippogriff (D:11)
  A vampire (D:14)
  3 fire bats (Gauntlet)
  11 yaks
  A wraith (D:13)
  A basilisk (D:11)
  A vampire mosquito (D:14)
  Duvessa (D:7)
  2 orc warriors
  The ghost of Katsumi the Changer, an amateur FeTm of Gozag (D:5)
  An ogre (D:11)
  A centaur (D:6)
  Dowan (D:7)
  A wyvern skeleton (D:7)
  3 wights
  2 howler monkeys (D:9)
  A centaur zombie (D:7)
  5 quasits
  A bullfrog zombie (D:13)
  An orc priest (D:12)
  An orc wizard (D:14)
  A jelly (Gauntlet)
  An iguana (D:11)
  A hound skeleton (D:11)
  A shadow imp (D:14)
  An adder zombie (D:6)
  6 orcs
  A quokka (D:6)
  A withered plant (Gauntlet)
81 creatures vanquished.

Vanquished Creatures (others)
  An unseen horror (D:14)
  An ugly thing (D:14)
  A shadow (Gauntlet)
  2 centaurs (D:9)
  2 wights
  A kobold (Sewer)
  2 bushes (D:11)
  A fungus (D:11)
  8 plants
  7 withered plants (Gauntlet)
26 creatures vanquished.

Grand Total: 406 creatures vanquished

Notes
Turn   | Place    | Note
-------+----------+-------------------------------------------
     0 | D:1      | losten the Demonspawn Berserker began the quest for the
                  | Orb.
     0 | D:1      | Reached XP level 1. HP: 18/18 MP: 1/1
    34 | D:1      | Gained mutation: You have large cloven feet. [demonic
                  | ancestry]
    34 | D:1      | Reached XP level 2. HP: 21/24 MP: 2/2
   556 | D:1      | Gained mutation: You are partially covered in large bone
                  | plates. (SH +4) [demonic ancestry]
   556 | D:1      | Reached XP level 3. HP: 29/29 MP: 3/3
  1130 | D:2      | Reached ** piety under Trog
  1169 | D:2      | Reached skill level 1 in Shields
  1169 | D:2      | Gained mutation: A weak demonic guardian rushes to your
                  | aid. [demonic ancestry]
  1169 | D:2      | Reached XP level 4. HP: 11/36 MP: 4/4
  2153 | D:3      | Reached XP level 5. HP: 42/42 MP: 5/5
  2181 | D:3      | Reached *** piety under Trog
  2549 | D:3      | Reached skill level 2 in Shields
  2851 | D:4      | Noticed an ogre
  2857 | D:4      | Killed an ogre
  2857 | D:4      | Reached skill level 3 in Shields
  2857 | D:4      | Gained mutation: You have hoof-like feet. [demonic
                  | ancestry]
  2857 | D:4      | Reached XP level 6. HP: 48/48 MP: 6/6
  3158 | D:4      | Reached skill level 1 in Axes
  3364 | D:5      | Entered Level 5 of the Dungeon
  3364 | D:5      | Found a transporter.
  3463 | D:5      | Noticed Katsumi's ghost (amateur FeTm)
  3478 | D:5      | Found a transporter.
  3514 | D:5      | Found an iron altar of Okawaru.
  3661 | D:5      | Reached **** piety under Trog
  3753 | D:5      | Found a staircase to the Ecumenical Temple.
  3762 | Temple   | Entered the Ecumenical Temple
  4091 | D:5      | Gained mutation: A demonic guardian rushes to your aid.
                  | [demonic ancestry]
  4091 | D:5      | Reached XP level 7. HP: 53/53 MP: 7/7
  4106 | D:5      | Killed Katsumi's ghost
  4266 | D:6      | Found a glowing drain.
  4282 | Sewer    | Entered a sewer
  4352 | Sewer    | Reached skill level 4 in Shields
  4437 | Sewer    | Found a glowing silver altar of Zin.
  4765 | D:6      | Found a blossoming altar of Fedhas.
  4932 | D:6      | Found a shimmering blue altar of Sif Muna.
  5094 | D:7      | Noticed Joseph
  5102 | D:7      | Killed Joseph
  5102 | D:7      | Gained mutation: You have hooves in place of feet. [demonic
                  | ancestry]
  5102 | D:7      | Reached XP level 8. HP: 54/60 MP: 8/8
  5183 | D:7      | Found Vimer's Armour Boutique.
  5224 | D:7      | Reached skill level 5 in Shields
  5293 | D:7      | Noticed Dowan
  5294 | D:7      | Noticed Duvessa
  5300 | D:7      | Killed Duvessa
  5303 | D:7      | Killed Dowan
  5309 | D:7      | Reached ***** piety under Trog
  5356 | D:7      | Noticed Pikel
  5373 | D:7      | Reached skill level 1 in Stealth
  5374 | D:7      | Killed Pikel
  5374 | D:7      | Reached skill level 5 in Axes
  5374 | D:7      | Reached skill level 6 in Shields
  5398 | D:7      | Reached XP level 9. HP: 56/66 MP: 9/9
  5517 | D:7      | Found a transporter.
  5520 | D:7      | Noticed Caminho's ghost (novice GnEE)
  5553 | D:7      | Found a transporter.
  5607 | D:7      | Killed Caminho's ghost
  6599 | D:8      | Reached skill level 5 in Fighting
  6674 | D:8      | Reached skill level 7 in Shields
  7027 | D:8      | Noticed a two-headed ogre
  7038 | D:8      | Killed a two-headed ogre
  7076 | D:8      | Received a gift from Trog
  7192 | D:8      | Got an encrusted leather armour
  7365 | D:8      | Reached XP level 10. HP: 54/74 MP: 10/10
  7375 | D:8      | Reached skill level 5 in Long Blades
  7527 | D:8      | Identified the cursed +0 leather armour of the Equator {MR+
                  | Regen+ SInv} (You found it on level 8 of the Dungeon)
  7552 | D:8      | Gained mutation: You are frail. (-10% HP) [potion of
                  | mutation]
  7552 | D:8      | Gained mutation: You have a pair of small horns on your
                  | head. [potion of mutation]
  7725 | D:9      | Noticed a two-headed ogre
  7731 | D:9      | Killed a two-headed ogre
  7743 | D:9      | Received a gift from Trog
  7745 | D:9      | Reached skill level 8 in Shields
  7815 | D:9      | Lost mutation: You are frail. (-10% HP) [potion of
                  | mutation]
  7815 | D:9      | Lost mutation: You have a pair of small horns on your head.
                  | [potion of mutation]
  7815 | D:9      | Gained mutation: Your body sometimes deteriorates upon
                  | taking damage. [potion of mutation]
  7815 | D:9      | Gained mutation: You are resistant to electric shocks.
                  | (rElec) [potion of mutation]
  8368 | D:10     | Entered Level 10 of the Dungeon
  8368 | D:10     | Noticed a two-headed ogre
  8375 | D:10     | Killed a two-headed ogre
  8375 | D:10     | Reached skill level 5 in Dodging
  8766 | D:10     | Noticed a gargoyle
  8772 | D:10     | Killed a gargoyle
  8949 | D:10     | Reached XP level 11. HP: 81/81 MP: 11/11
  9201 | D:11     | Noticed Nergalle
  9213 | D:11     | Killed Nergalle
  9213 | D:11     | Reached skill level 5 in Armour
  9371 | D:11     | Noticed Harold
  9380 | D:11     | Killed Harold
  9380 | D:11     | Reached skill level 1 in Maces & Flails
  9471 | D:11     | Reached skill level 9 in Shields
  9482 | D:11     | Found a staircase to the Lair.
  9887 | D:11     | Received a gift from Trog
 10479 | D:11     | Noticed a green ugly thing
 10487 | D:11     | Killed a green ugly thing
 10556 | D:11     | Noticed a purple ugly thing
 10566 | D:11     | Killed a purple ugly thing
 10606 | D:12     | Noticed a purple ugly thing
 10607 | D:12     | Found Denut's Magic Scroll Shop.
 10615 | D:12     | Killed a purple ugly thing
 10676 | D:12     | Found a gate leading to a gauntlet.
 10685 | Gauntlet | Entered a Gauntlet
 10685 | Gauntlet | Found a transporter.
 10685 | Gauntlet | Found a transporter.
 10685 | Gauntlet | Noticed a fire crab
 10686 | Gauntlet | Found a transporter.
 10690 | Gauntlet | Found a transporter.
 10700 | Gauntlet | Noticed a dire elephant
 10704 | Gauntlet | Found a transporter.
 10704 | Gauntlet | Found a transporter.
 10714 | Gauntlet | Found a transporter.
 10718 | Gauntlet | Found a transporter.
 10741 | Gauntlet | Found a transporter.
 10744 | Gauntlet | Found a transporter.
 10758 | Gauntlet | Found a transporter.
 10758 | Gauntlet | Found a transporter.
 10830 | Gauntlet | Noticed a death ooze
 10983 | Gauntlet | Killed a fire crab
 10983 | Gauntlet | Reached skill level 5 in Maces & Flails
 11048 | Gauntlet | Got a smoking trident
 11049 | Gauntlet | Identified the +10 trident "Ipnai" {distort, rPois MR+}
                  | (You found it in a Gauntlet)
 11335 | Gauntlet | Killed a death ooze
 11351 | Gauntlet | Got a clouded lead amulet
 11355 | Gauntlet | Identified the amulet "Socleoq" {Spirit Str+4} (You found
                  | it in a Gauntlet)
 11370 | Gauntlet | Noticed a minotaur
 11432 | D:12     | Noticed a purple ugly thing
 11437 | D:12     | Killed a purple ugly thing
 11525 | D:12     | Killed an unseen horror
 11525 | D:12     | Reached skill level 1 in Polearms
 11542 | D:12     | Gained mutation: You are mostly covered in large bone
                  | plates. (SH +6) [demonic ancestry]
 11542 | D:12     | Reached XP level 12. HP: 23/91 MP: 3/12
 11560 | D:12     | Found a staircase to the Orcish Mines.
 12511 | D:13     | Noticed a death knight
 12516 | D:13     | Reached skill level 10 in Shields
 12522 | D:13     | Killed a death knight
 12692 | D:13     | Noticed a two-headed ogre
 12697 | D:13     | Killed a two-headed ogre
 12864 | D:12     | Bought a scroll of identify for 28 gold pieces
 12864 | D:12     | Bought a scroll of acquirement for 728 gold pieces
 12864 | D:12     | Bought a scroll of magic mapping for 49 gold pieces
 13097 | D:14     | Got a scintillating emerald amulet
 13183 | D:14     | Identified the amulet "Ethaaless" {Faith MR++ Int+3} (You
                  | found it on level 14 of the Dungeon)
 13246 | D:14     | Received a gift from Trog
 13531 | D:14     | Reached skill level 5 in Polearms
 13557 | D:14     | Found a gate to the Vaults.
 13557 | D:14     | Noticed a vault guard
 13557 | D:14     | Noticed a vault guard
 13557 | D:14     | Noticed a vault guard
 13557 | D:14     | Noticed a vault guard
 13579 | D:14     | Killed a vault guard
 13588 | D:14     | Killed a vault guard
 13589 | D:14     | HP: 3/91 [cyclops (18)]
 13592 | D:14     | HP: 1/91 [cyclops (15)]
 13594 | D:14     | Killed a vault guard
 13608 | D:14     | Slain by a two-headed ogre

Levels and vault maps discovered:
D:1:      kennysheep_arrival_seaside, layout_loops_ring
D:2:      layout_basic
D:3:      minmay_chambers_of_threes, layout_basic, first_ration
D:4:      layout_rooms, kennysheep_flooded_box
D:5:      layout_gridville, minmay_temple_entry_tees,
          gammafunk_ghost_stat_death, dk_noncrumbling_3,
          okawaru_metal_pillars_1_2
D:6:      layout_rooms, kennysheep_little_box, portal_sewer_entry_d,
          serial_curves, eino_curves_02, eino_curves_03, fedhas_ov_isle_minmay
D:7:      layout_loops_corners, serial_shops, nicolae_shop_waterfront,
          gammafunk_ghost_stat_death, uniq_duvessa, uniq_joseph, uniq_pikel
D:8:      layout_loops_cross, grunt_livestock, minmay_lizard_king
D:9:      layout_small_grid
D:10:     minmay_general_purpose_star, layout_irregular_city
D:11:     layout_gridville, minmay_lair_entry_grove, uniq_harold, uniq_nergalle
D:12:     layout_long_grid, erik_orc_4, gauntlet_entry_generic, serial_shops,
          shop
D:13:     layout_loops_ring, kennysheep_generic_room_6
D:14:     layout_roguey, lightli_vaults_fourway_checkpoint, lemuel_tele_altar,
          enter_trove_5
Temple:   nicolae_temple_the_god_donut

Skill      XL: |  1  2  3  4  5  6  7  8  9 10 11 12 |
---------------+-------------------------------------+-----
Long Blades    | 3 4 7 |  7.0
Dodging        | 2 3 4 5 |  5.3
Shields        | 1 3 4 6 7 8 9 10 | 10.8
Armour         | 2 3 4 6 7 |  7.1
Axes           | 1 3 5 6 |  6.5
Fighting       | 4 5 7 |  7.6
Stealth        | 1 3 4 |  4.2
Maces & Flails | 5 |  5.6
Polearms       | 1 5 |  5.8
Throwing       | |  0.7

Action                   |  1- 3 |  4- 6 |  7- 9 | 10-12 || total
-------------------------+-------+-------+-------+-------++-------
Melee: Falchion          |    93 |   108 |       |       ||   201
       Kick              |    28 |    57 |    96 |   182 ||   363
       War axe           |       |   106 |   211 |       ||   317
       Long sword        |       |       |    57 |   114 ||   171
       Headbutt          |       |       |       |    16 ||    16
       Morningstar       |       |       |       |   167 ||   167
       Trident           |       |       |       |   140 ||   140
Throw: Dart              |       |     2 |       |     2 ||     4
       Javelin           |       |       |       |     3 ||     3
Invok: Berserk           |     1 |     1 |       |     1 ||     3
       Trog's Hand       |       |     1 |       |     5 ||     6
       Brothers in Arms  |       |       |       |     2 ||     2
  Use: Scroll            |     5 |    11 |     2 |    14 ||    32
       Potion            |       |     1 |     1 |    12 ||    14
 Stab: Sleeping          |       |     1 |       |     2 ||     3
       Distracted        |       |       |     3 |     6 ||     9
  Eat: Chunk             |     1 |    10 |     8 |    14 ||    33
       Ration            |       |     1 |     1 |     3 ||     5
Armor: Animal skin       |    24 |       |       |       ||    24
       Ring mail         |       |    51 |   106 |    12 ||   169
       Plate armour      |       |       |       |    89 ||    89
Dodge: Dodged            |    28 |    46 |    89 |    59 ||   222
Block: Large shield      |    70 |   251 |   386 |   525 ||  1232
       Reflection        |     4 |     1 |    12 |     9 ||    26
       Rpst.: Falchion   |    10 |     8 |       |       ||    18
       Long sword        |       |       |       |     8 ||     8
